 Dungeon Crawl Stone Soup version 0.28-a0-312-gbced6e68ee (webtiles) character file.

Game seed: 3695087030922953443

179 dolemite99 the Chopper (level 5, -13/45 HPs)
             Began as a Hill Orc Cinder Acolyte on Aug 31, 2021.
             Was a High Priest of Ignis.
             Mangled by an ogre (27 damage)
             ... on level 4 of the Dungeon.
             The game lasted 00:04:27 (4477 turns).

dolemite99 the Chopper (Hill Orc Cinder Acolyte)    Turns: 4477, Time: 00:04:28

Health: -13/45     AC: 10    Str: 19    XL:     5   Next: 59%
Magic:  6/6        EV:  7    Int: 13    God:    Ignis [*****.]
Gold:   102        SH:  0    Dex:  6    Spells: 5/6 levels left

rFire   + . .      SeeInvis .   a - -1 hand axe (flame)
rCold   . . .      Faith    .   (no shield)
rNeg    . . .      Spirit   .   f - +0 chain mail
rPois   .          Reflect  .   (no helmet)
rElec   .          Harm     .   (no cloak)
rCorr   .          Rampage  .   p - +0 pair of gloves
Will    .....                   o - +0 pair of boots
Stlth   ..........              (no amulet)
HPRegen 0.15/turn               (no ring)
MPRegen 0.10/turn               (no ring)

@: no status effects
A: no striking features
a: Renounce Religion, Sea of Fire, Foxfire Swarm, Rising Flame


You were on level 4 of the Dungeon.
You worshipped Ignis.
Ignis was extremely pleased with you.
You visited 1 branch of the dungeon, and saw 4 of its levels.

You collected 102 gold pieces.

Inventory:

Hand Weapons
 a - a -1 hand axe of flaming (weapon)
Missiles
 j - 35 bolts
 k - 158 stones
 m - 35 arrows
Armour
 b - a +0 robe
 e - a +0 ring mail
 f - a +0 chain mail (worn)
 o - a +0 pair of boots (worn)
 p - a +0 pair of gloves (worn)
Jewellery
 g - a ring of ice
 q - an amulet of guardian spirit
Wands
 n - a wand of digging (6)
Scrolls
 c - 4 scrolls of identify {unknown}
 i - a scroll of blinking {unknown}
 r - a scroll of immolation {unknown}
Potions
 d - 2 potions of curing {unknown}
 h - a potion of lignification {unknown}
 l - a potion of haste {unknown}


   Skills:
 - Level 3.6 Fighting
 + Level 6.3 Axes
 - Level 1.0 Spellcasting
 - Level 4.1 Fire Magic


You had 5 spell levels left.
You knew the following spells:

 Your Spells              Type           Power      Damage    Failure   Level
a - Foxfire               Conj/Fire      24%        2x1d5     86%         1

Your spell library contained the following spells:

 Spells                   Type           Power      Damage    Failure   Level
 Beastly Appendage        Tmut           0%         N/A       98%         1
 Passwall                 Tmut/Erth      0%         N/A       99%         2
 Wereblood                Tmut           0%         N/A       99%         2
 Spider Form              Tmut/Pois      0%         N/A       100%        3
 Swiftness                Air            0%         N/A       100%        3
 Invisibility             Hex            0%         N/A       100%        6


Dungeon Overview and Level Annotations

Branches:
Dungeon (4/15)
 Temple: D:4-7

Altars:
Cheibriados
Makhleb
Ru
Sif Muna
Vehumet
Xom
Yredelemnul
Zin


Message History

The centaur skeleton is moderately damaged.
The centaur skeleton hits you.
The centaur skeleton kicks you but does no damage.
You slash the centaur skeleton! You burn the centaur skeleton.
The centaur skeleton is heavily damaged.
The centaur skeleton hits you but does no damage.
The centaur skeleton kicks you but does no damage.
The centaur skeleton hits you but does no damage.
The centaur skeleton kicks you but does no damage.
You slash the centaur skeleton! You burn the centaur skeleton.
The centaur skeleton is almost destroyed.
The centaur skeleton hits you.
The centaur skeleton kicks you but does no damage.
You hit the centaur skeleton. You burn the centaur skeleton.
You destroy the centaur skeleton!
Your Fire Magic skill increases to level 4!
HP restored.
An ogre comes into view. It is wielding a +0 giant club.
The ogre shouts!
An ogre is nearby!
Casting: Foxfire (safe; 86% risk of failure)
Confirm with . or Enter, or press ? or * to list all spells.
Okay, then.
You hit the ogre. You burn the ogre.
The ogre is moderately wounded.
The ogre barely misses you.
You closely miss the ogre.
The ogre is moderately wounded.
You hit the ogre. You burn the ogre.
The ogre is heavily wounded.
The ogre hits you with a +0 giant club.
You hit the ogre but do no damage.
The ogre is moderately wounded.
The ogre hits you with a +0 giant club!!
Ouch! That really hurt!
You barely miss the ogre.
The ogre is moderately wounded.
The ogre hits you with a +0 giant club!!
Ouch! That really hurt!
You die...

#.......##
.........###
.........O.
.........#
#.......##
##)......#
##...##.#
##.# #O# #.
#@# . #.# #
#.# #.# #.#
#)# #.# #.#
#.#


You could see an ogre.

Vanquished Creatures
  A centaur skeleton (D:4)
  Ijyb (D:3)
  4 adders
  3 worms (D:2)
  3 dart slugs (D:1)
  An orc (D:4)
  4 bats
  9 endoplasms
  2 giant cockroaches (D:1)
  13 goblins
  5 hobgoblins
  4 quokkas
  7 ball pythons
  4 frilled lizards
  9 kobolds
  A rat (D:1)
71 creatures vanquished.

Vanquished Creatures (others)
  8 foxfires
8 creatures vanquished.

Grand Total: 79 creatures vanquished

Notes
Turn   | Place    | Note
-------+----------+-------------------------------------------
     0 | D:1      | dolemite99 the Hill Orc Cinder Acolyte began the quest for
                  | the Orb.
     0 | D:1      | Reached XP level 1. HP: 19/19 MP: 2/2
    94 | D:1      | Reached XP level 2. HP: 26/26 MP: 3/3
   655 | D:1      | Reached XP level 3. HP: 31/31 MP: 4/4
  1302 | D:2      | Reached skill level 5 in Axes
  1717 | D:2      | Found a burning altar of Makhleb.
  2034 | D:2      | Reached XP level 4. HP: 38/39 MP: 5/5
  2948 | D:3      | Noticed Ijyb
  2965 | D:3      | Killed Ijyb
  3124 | D:3      | Found a shimmering blue altar of Sif Muna.
  3126 | D:3      | Found a sacrificial altar of Ru.
  3128 | D:3      | Found a glowing silver altar of Zin.
  3128 | D:3      | Found a radiant altar of Vehumet.
  3137 | D:3      | Found a snail-covered altar of Cheibriados.
  3138 | D:3      | Found a shimmering altar of Xom.
  3139 | D:3      | Found a basalt altar of Yredelemnul.
  3300 | D:3      | Found a faded altar of an unknown god.
  3320 | D:3      | Reached XP level 5. HP: 30/45 MP: 4/6
  3704 | D:3      | Reached skill level 6 in Axes
  4467 | D:4      | Noticed an ogre
  4477 | D:4      | Mangled by an ogre

Illustrated notes

Levels and vault maps discovered:
D:1:      lemuel_arrival_hallway, layout_basic
D:2:      layout_loops_ring, basic_altar
D:3:      layout_loops_ring, grunt_temple_overflow_open,
          dreamdust_ecumenical_altar_statues, uniq_ijyb
D:4:      layout_loops_ring

Skill      XL: |  1  2  3  4  5 |
---------------+----------------+-----
Fire Magic     | 2 3 4 |  4.1
Axes           | 5 6 |  6.3
Fighting       | |  3.6
Spellcasting   | |  1.0

Action                   |  1- 3 |  4- 6 || total
-------------------------+-------+-------++-------
Melee: Hand axe          |   126 |   196 ||   322
 Cast: Foxfire           |     5 |     1 ||     6
Armor: Robe              |     1 |       ||     1
       Ring mail         |    12 |       ||    12
       Chain mail        |    51 |   119 ||   170
Dodge: Dodged            |    39 |    61 ||   100

Table legend: (Time is in decaauts)
 A = Elapsed time spent in this place.
 B = Non-inter-level travel time spent in this place.
 C = Inter-level travel time spent in this place.
 D = Time resting spent in this place.
 E = Time spent auto-exploring this place.
 F = Levels seen in this place.
 G = Mean time per level.
                   A        B        C        D        E       F      G
               +--------+--------+--------+--------+--------+-----+--------+
         Total |   4487 |   4418 |     69 |   1375 |   2216 |   4 | 1121.8 |
       Dungeon |   4487 |   4418 |     69 |   1375 |   2216 |   4 | 1121.8 |
               +--------+--------+--------+--------+--------+-----+--------+

Top non-repeatable levels by time:
     D:2: 1594 daAuts
     D:1: 1280 daAuts
     D:3: 1131 daAuts
     D:4: 481 daAuts
